 Dungeon Crawl Stone Soup version 0.31-a0-214-gb37851dbb3 (webtiles) character file.

Game seed: 1706854969644187018

703 rogueadept the Slasher (level 7, -2/52 (54) HPs)
             Began as a Human Cinder Acolyte on July 2, 2023.
             Was a Priest of Ignis.
             Killed from afar by an orc wizard (10 damage)
             ... with a puff of flame
             ... on level 5 of the Dungeon.
             The game lasted 00:30:00 (3990 turns).

rogueadept the Slasher (Human Cinder Acolyte)       Turns: 3990, Time: 00:30:00

HP:   -2/52 (54)    AC: 12    Str: 15 (16) XL:     7   Next: 99%
MP:   8/8           EV: 11    Int: 14 (15) God:    Ignis [***...]
Gold: 153           SH:  0    Dex:  7 (8)  Spells: 8/8 levels left

rFire   . . .        a - -1 falchion (flame)
rCold   + . .        (no shield)
rNeg    . . .        w - +2 ring mail {rPois}
rPois   +            (no helmet)
rElec   .            C - +0 cloak
rCorr   .            (no gloves)
SInv    .            E - +2 pair of boots
Will    .....        (no amulet)
Stlth   +            m - ring of wizardry
HPRegen 0.28/turn    u - ring of ice
MPRegen 0.11/turn

%: wizardry (x1)
@: lightly drained
A: no striking features
a: Renounce Religion, Fiery Armour, Foxfire Swarm, Rising Flame


You were on level 5 of the Dungeon.
You worshipped Ignis.
Ignis was most pleased with you.
You visited 1 branch of the dungeon, and saw 5 of its levels.

You collected 195 gold pieces.
You spent 42 gold pieces at shops.

Inventory:

Hand Weapons
 a - a -1 falchion of flaming (weapon)
 f - a +0 hand axe of holy wrath
 B - a +4 quarterstaff of chaos
Armour
 b - a +0 robe
 e - a +3 leather armour
 w - a +2 ring mail of poison resistance (worn)
 C - a +0 cloak (worn)
 E - a +2 pair of boots (worn)
Magical Staves
 r - a staff of earth
Jewellery
 m - a ring of wizardry (left hand)
 u - a ring of ice (right hand)
Wands
 v - a wand of iceblast (8)
Scrolls
 j - 2 scrolls of poison {unknown}
 k - 2 scrolls of enchant armour {unknown}
 l - 4 scrolls of identify {unknown}
 q - a scroll of torment {unknown}
 s - a scroll of enchant weapon {unknown}
 y - 2 scrolls of blinking {unknown}
 z - 2 scrolls of teleportation {unknown}
 A - a scroll of butterflies {unknown}
 D - a scroll of immolation {unknown}
 G - a scroll of fog {unknown}
Potions
 c - a potion of lignification {unknown}
 d - a potion of ambrosia {unknown}
 h - a potion of cancellation {unknown}
 n - 2 potions of haste {unknown}
 o - a potion of magic {unknown}
 x - a potion of attraction {unknown}
 F - a potion of brilliance {unknown}


   Skills:
 + Level 4.2 Fighting
 + Level 5.8 Long Blades
 + Level 3.2 Armour
 + Level 3.8 Dodging
 + Level 0.9 Stealth
 + Level 1.0 Spellcasting
 + Level 3.2 Fire Magic


You had 8 spell levels left.
You didn't know any spells.
Your spell library contained the following spells:

 Spells                   Type           Power      Damage    Failure   Level
 Scorch                   Fire           18%        2d5       9%          2


Dungeon Overview and Level Annotations

Branches:
Dungeon (5/15)
 Temple: D:4-7

Altars:
Cheibriados
Uskayaw
Wu Jian
Xom

Shops:
D:2 !


Message History

The orc wizard hits you with a +0 dagger.
* * * LOW HITPOINT WARNING * * *
You closely miss the orc wizard.
The orc wizard is severely wounded.
The orc wizard hits you but does no damage.
You closely miss the orc wizard.
The orc wizard is severely wounded.
The orc wizard closely misses you.
You closely miss the orc wizard.
The orc wizard is severely wounded.
The orc wizard casts a spell at you.
You are confused.
You bump into the rock wall.
The orc wizard gestures at you while chanting.
You resist with some effort.
The orc wizard attacks as you move away!
The orc wizard hits you but does no damage.
Things that are here:
a +0 club; a +0 leather armour You're too confused to move!
The orc wizard hits you but does no damage.
You miss the orc wizard.
The orc wizard is severely wounded.
The orc wizard barely misses you.
You hit the orc wizard but do no damage.
Your punch misses the orc wizard.
The orc wizard is severely wounded.
You feel less confused. The orc wizard barely misses you.
You hit the orc wizard. You burn the orc wizard.
The orc wizard is almost dead.
The orc wizard hits you but does no damage.
You hit the orc wizard but do no damage.
The orc wizard is severely wounded.
The orc wizard hits you but does no damage.
You barely miss the orc wizard.
The orc wizard is severely wounded.
The orc wizard casts a spell at you. The puff of flame hits you!
You die...

........^...#.....#.....#....'...
............#.....#.....#...##...
.........>.########.....#...##...
...##......##>....#.....#...#####
...##......##.....#÷....#...>#
..................#.....#....#
..................#.....##'###
..................#.....#...##
................@o).....'....#
...#######.####..)#.....#...#####
...# ######†.†#.....#........
#### #.....†).#.....#....##.# .
#........#.....#...##... ...
#........#.....#..##....
.....##'#######.....#..#.....
....................##....._.
.......................#.....


You could see an orc wizard.

Vanquished Creatures
  An ice beast (D:4)
  2 centaurs
  2 howler monkeys
  Crazy Yiuf (D:3)
  2 orc priests (D:5)
  2 hounds
  An iguana (D:5)
  Ijyb (D:3)
  An orc wizard (D:5)
  4 adders
  A worm (D:2)
  A dart slug (D:2)
  13 orcs
  5 bats
  4 endoplasms
  2 giant cockroaches
  9 goblins
  10 hobgoblins
  7 jackals
  6 kobolds
  9 quokkas
  8 ball pythons
  5 frilled lizards
  7 rats
104 creatures vanquished.

Vanquished Creatures (others)
  58 foxfires
58 creatures vanquished.

Grand Total: 162 creatures vanquished

Notes
Turn   | Place    | Note
-------+----------+-------------------------------------------
     0 | D:1      | rogueadept the Human Cinder Acolyte began the quest for the
                  | Orb.
     0 | D:1      | Reached XP level 1. HP: 18/18 MP: 2/2
   162 | D:1      | Reached XP level 2. HP: 18/24 MP: 3/3
   315 | D:1      | Reached XP level 3. HP: 29/29 MP: 4/4
   317 | D:1      | Reached skill level 1 in Dodging
   825 | D:2      | Reached XP level 4. HP: 16/35 MP: 5/5
  1132 | D:2      | Reached skill level 1 in Armour
  1231 | D:2      | Found a hide-covered altar of Uskayaw.
  1431 | D:2      | Found Cufor's Distillery.
  1444 | D:2      | Bought a potion of curing for 42 gold pieces
  1563 | D:3      | Noticed Ijyb
  1594 | D:3      | Killed Ijyb
  1595 | D:3      | Reached skill level 4 in Long Blades
  1595 | D:3      | Reached XP level 5. HP: 17/41 MP: 6/6
  1662 | D:3      | Noticed a centaur
  1665 | D:3      | Killed a centaur
  1955 | D:3      | Found a runed translucent door.
  1956 | D:3      | Noticed Crazy Yiuf
  1967 | D:3      | Killed Crazy Yiuf
  1968 | D:3      | Reached XP level 6. HP: 22/47 MP: 0/7
  2372 | D:3      | Found a shimmering altar of Xom.
  2569 | D:4      | Noticed an ice beast
  2603 | D:4      | Killed an ice beast
  2622 | D:4      | Reached skill level 5 in Long Blades
  2736 | D:4      | Reached XP level 7. HP: 53/53 MP: 8/8
  3273 | D:5      | Entered Level 5 of the Dungeon
  3484 | D:5      | Found an ornate altar of the Wu Jian Council.
  3842 | D:5      | Found a snail-covered altar of Cheibriados.
  3990 | D:5      | Killed from afar by an orc wizard

Illustrated notes

Levels and vault maps discovered:
D:1:      zelgadis_glass_arrival_small, layout_loops_ring, minmay_domino_2
D:2:      layout_basic, serial_shops, shop, basic_altar
D:3:      minmay_recursive_quarters, layout_basic, xom_teletrap_fun,
          hangedman_decor_clover_reticule, uniq_ijyb, uniq_crazy_yiuf_cottage
D:4:      layout_rooms, chequers_serial_rivers_small_a
D:5:      layout_gridville, nzn_wu_jian_contemplation, lemuel_round_altar,
          minmay_temple_entry_statues_pillars

Skill      XL: |  1  2  3  4  5  6  7 |
---------------+----------------------+-----
Dodging        | 1 2 3 |  3.8
Armour         | 1 2 3 |  3.2
Long Blades    | 4 5 |  5.8
Fighting       | 4 |  4.2
Stealth        | |  0.9
Spellcasting   | |  1.0
Fire Magic     | |  3.2

Action                     |  1- 3 |  4- 6 |  7- 9 || total
---------------------------+-------+-------+-------++-------
  Melee: Falchion          |   137 |   247 |   240 ||   624
         Punch             |     1 |     1 |       ||     2
 Invoke: Foxfire Swarm     |       |     3 |     1 ||     4
    Use: Potion            |       |     4 |     3 ||     7
 Armour: Leather armour    |    81 |    99 |       ||   180
         Robe              |     2 |       |       ||     2
         Ring mail         |       |    27 |   228 ||   255
  Dodge: Dodged            |   106 |   185 |   194 ||   485

Table legend: (Time is in decaauts)
 A = Elapsed time spent in this place.
 B = Non-inter-level travel time spent in this place.
 C = Inter-level travel time spent in this place.
 D = Time resting spent in this place.
 E = Time spent auto-exploring this place.
 F = Levels seen in this place.
 G = Mean time per level.
                   A        B        C        D        E       F      G
               +--------+--------+--------+--------+--------+-----+--------+
         Total |   4043 |   4038 |      5 |      0 |      0 |   5 |  808.6 |
       Dungeon |   4043 |   4038 |      5 |      0 |      0 |   5 |  808.6 |
               +--------+--------+--------+--------+--------+-----+--------+

Top non-repeatable levels by time:
     D:3: 1015 daAuts
     D:2: 796 daAuts
     D:1: 791 daAuts
     D:5: 721 daAuts
     D:4: 719 daAuts
